 Dungeon Crawl Stone Soup version 0.29.0-4-gdea44cf6ec (webtiles) character file.

Game seed: 10003974983080328557

121447 qw the Warrior (level 16, -11/160 HPs)
             Began as a Minotaur Berserker on Sept 10, 2022.
             Was an Elder of Trog.
             Killed from afar by Nikola (64 damage)
             ... with an arc of chain lightning
             ... on level 2 of the Snake Pit.
             The game lasted 00:11:25 (33095 turns).

qw the Warrior (Minotaur Berserker)                Turns: 33095, Time: 00:11:25

Health: -11/160    AC: 28    Str: 27    XL:     16   Next: 32%
Magic:  14/15      EV: 13    Int:  7    God:    Trog [****..]
Gold:   513        SH: 22    Dex: 11    Spells: 15/15 levels left

rFire   . . .      SeeInvis .   r - +2 broad axe
rCold   . . .      Faith    .   u - +0 tower shield
rNeg    + . .      Spirit   .   o - +6 chain mail of Light {rN+ Will+ Int-4}
rPois   +          Reflect  +   w - +2 hat {Int+3}
rElec   .          Harm     .   b - +0 cloak
rCorr   .          Rampage  .   p - +2 pair of gloves
Will    ++...                   j - +0 pair of boots
Stlth   ..........              c - amulet of the Invisible Hand {Reflect Int+4 SH+5}
HPRegen 0.36/turn               h - +4 ring of evasion
MPRegen 0.14/turn               f - ring of poison resistance

@: weakened, on berserk cooldown, slowed, very slow
A: horns 2, retaliatory headbutt, mutation resistance 1, weak 1
a: Renounce Religion, Berserk, Trog's Hand, Brothers in Arms


You were on level 2 of the Snake Pit.
You worshipped Trog.
Trog was greatly pleased with you.
You visited 4 branches of the dungeon, and saw 24 of its levels.

You collected 2147 gold pieces.
You spent 1634 gold pieces at shops.


Innate Abilities, Weirdness & Mutations

You have a pair of horns on your head.
You reflexively headbutt those who attack you in melee.
You are somewhat resistant to further mutation.
You are weak. (Str -2)


   Skills:
 - Level 19.0 Fighting
 - Level 18.0 Axes
 - Level 8.1 Throwing
 - Level 16.0 Armour
 - Level 8.0 Dodging
 + Level 14.2 Shields


You had 15 spell levels left.
You didn't know any spells.
Your spell library was empty.

Inventory:

Hand Weapons
 r - a +2 broad axe (weapon)
 x - a -1 demon whip of venom
Missiles
 g - 20 boomerangs (quivered)
Armour
 b - a +0 cloak (worn)
 j - a +0 pair of boots (worn)
 m - a +4 chain mail of fire resistance
 o - the +6 chain mail of Light (worn) {rN+ Will+ Int-4}
   (You found it on level 1 of the Lair of Beasts)

   Int:       It affects your intelligence (-4).
   rN:        It protects you from negative energy.
   Will:      It increases your willpower.
 p - a +2 pair of gloves (worn)
 u - a +0 tower shield (worn)
 w - a +2 hat of intelligence (worn)
Jewellery
 c - the amulet of the Invisible Hand (around neck) {Reflect Int+4 SH+5}
   (You found it on level 7 of the Dungeon)

   [amulet of reflection]

   It reflects blocked missile attacks.
   Int:       It affects your intelligence (+4).
   SH:        It affects your SH (+5).
 d - a ring of poison resistance
 f - a ring of poison resistance (right hand)
 h - a +4 ring of evasion (left hand)
 y - a +4 ring of evasion
 z - a ring of protection from fire
Wands
 n - a wand of digging (11)
Scrolls
 q - 8 scrolls of identify
 s - 9 scrolls of teleportation
Potions
 a - 11 potions of curing
 e - a potion of heal wounds
 i - 3 potions of mutation
 k - 5 potions of might
 l - 2 potions of haste
 t - 2 potions of resistance

Dungeon Overview and Level Annotations

Branches:
Dungeon (15/15)            Temple (0/1) D:5            Lair (5/5) D:11
 Shoals (0/4) Lair:2        Snake (2/4) Lair:3        Slime (0/5) Lair:4
    Orc (2/2) D:11            Elf (0/3) Orc:2        Vaults (0/5) D:13
 Depths (0/4) D:15

Altars:
Ashenzari
Dithmenos
Elyvilon
Gozag
Makhleb
Qazlal
Sif Muna
Vehumet
Yredelemnul
Zin
Jiyva

Shops:
Orc:2 ==[=*:   Snake:1 (

Annotations:
D:5 3 runed translucent doors, qw's ghost, novice GrFi
D:14 2 transporters, Cofimnas's ghost, journeyman FoFi
D:15 1 runed translucent door, Giaff's ghost, journeyman DsGl
Snake:2 Nikola


Message History

You feel a strong urge to attack something.
You are no longer berserk.
You are exhausted.
You feel yourself slow down.
A naga is nearby!
33088 ||| Stepping ~*~*~tactically~*~*~ (stealth).
33089 ||| Stepping ~*~*~tactically~*~*~ (stealth).
You start resting.
A naga is nearby!
33092 ||| READING 10 scrolls of teleportation.
As you read the scroll of teleportation, it crumbles to dust.
You feel strangely unstable.
The naga shouts!
The naga spits poison at you.
The splash of poison reflects off an invisible shield around you!
The splash of poison hits the naga but does no damage.
You block the naga's attack. x2
33093 ||| DRINKING 2 potions of heal wounds.
You feel much better. You block the naga's attack. x2
You hit the naga but do no damage. Your headbutt misses the naga.
The naga hits you with a +0 dire flail! You block the naga's attack.
The naga misses you. You block the naga's attack.
You slash the naga!
The naga is heavily wounded.
Your surroundings suddenly seem different.
Nikola and a naga mage come into view.
Nikola is wielding a +3 rapier of electrocution.
Found a scroll of teleportation.
Found an escape hatch in the ceiling and an escape hatch in the floor.
Found a stone staircase leading up.
Nikola shouts!
You hear an angry hiss.
You hear a shout!
A black mamba comes into view.
Nikola casts a spell.
Lightning arcs from Nikola's hands!
The bolt of lightning hits the black mamba!!!
The black mamba dies!
A bolt of lightning appears from out of thin air!
The bolt of lightning hits Nikola.
The bolt of lightning hits you!!!
You die...

#.. .... #
<. ...#
>.###.##..?#
.........
.......#
#@.<..###
#......#
#@....#
##..N.#
..### #.# .
.# # .. . .#
. .. #


You could see Nikola and a naga mage.

Vanquished Creatures
  Rupert (Snake:1)
  Asterion (Snake:1)
  Gastronok (Lair:2)
  Roxanne (Snake:1)
  Louise (D:15)
  A stone giant (D:15)
  A salamander tyrant (Snake:2)
  Erolcha (D:9)
  7 boulder beetles
  4 hydras
  5 ogre magi
  19 two-headed ogres
  A centaur warrior (D:13)
  5 anacondas
  8 naga warriors (Snake:1)
  3 tengu warriors
  A shock serpent (Snake:1)
  Amaemon (D:9)
  A spriggan (Lair:3)
  Nergalle (D:10)
  A sixfirhy (D:13)
  A salamander mystic (Snake:2)
  A steelbarb worm (shapeshifter) (D:15)
  A goliath frog (Lair:5)
  3 orc knights
  2 naga ritualists
  2 phantasmal warriors (Snake:1)
  A deep elf archer (D:13)
  4 mana vipers
  A necromancer (D:9)
  2 deep elf zephyrmancers (D:13)
  A wolf spider (D:12)
  4 oklob plants
  8 ugly things
  3 deep elf pyromancers
  7 cyclopes
  4 rust devils
  7 salamanders
  An orc sorcerer (Orc:1)
  A manticore (D:14)
  23 elephants
  9 black mambas
  2 naga magi (Snake:1)
  2 ice statues (Snake:1)
  A guardian serpent (Snake:1)
  16 cane toads
  3 unseen horrors
  2 kobold demonologists (D:9)
  3 orange demons
  3 rime drakes
  A tengu conjurer (D:14)
  4 komodo dragons
  4 hellwings (D:13)
  An ice devil (D:13)
  A spectral naga (Snake:1)
  5 yaktaurs (D:15)
  3 red devils (D:13)
  8 trolls
  3 meliai (D:13)
  3 tyrant leeches (Lair:5)
  14 blink frogs (Lair:5)
  A tarantella (shapeshifter) (D:14)
  5 dream sheep (Lair:4)
  Grinder (D:3)
  A meliai (shapeshifter) (D:14)
  2 hornets
  3 wyverns (Lair:3)
  A vampire (D:13)
  2 shadows
  2 wraiths
  30 yaks
  A ynoxinul (D:13)
  Grum (D:10)
  6 basilisks
  3 chaos spawn (D:13)
  5 vampire mosquitoes (Lair:5)
  7 nagas
  A warg (Orc:2)
  4 acid dragons
  14 water moccasins
  3 black bears
  3 hornet zombies (D:8)
  12 orc warriors
  An ice beast (D:7)
  35 ogres
  33 wolves
  18 centaurs
  6 kobold brigands
  10 bullfrogs
  A gnoll sergeant (Orc:1)
  A necrophage (D:8)
  3 wyvern zombies (D:8)
  A scorpion (D:4)
  9 wights (D:8)
  8 killer bees (D:10)
  8 electric eels
  5 howler monkeys
  7 hounds
  20 orc priests
  2 jellies
  6 iguanas
  17 orc wizards
  6 hell rats (Lair:5)
  2 polar bear simulacra (D:9)
  3 yak simulacra (D:9)
  4 wolf simulacra (D:9)
  2 killer bee zombies (D:8)
  A howler monkey zombie (D:8)
  12 gnolls
  15 adders
  A shadow imp (D:5)
  A white imp (D:6)
  2 ufetubi (D:5)
  2 worms
  68 orcs
  7 bats
  7 endoplasms
  4 giant cockroaches
  10 goblins
  7 hobgoblins
  7 jackals
  30 kobolds
  3 quokkas
  7 ball pythons
  2 frilled lizards (D:3)
  4 rats
  2 river rat simulacra (D:9)
738 creatures vanquished.

Vanquished Creatures (collateral kills)
  4 hydras
  A two-headed ogre (D:12)
  A cane toad (Lair:5)
  A wyvern (Lair:3)
  A naga (Lair:3)
  2 bullfrogs
10 creatures vanquished.

Vanquished Creatures (others)
  A black mamba (Snake:2)
  A bush (Lair:3)
  3 demonic plants (D:13)
  25 fungi
  125 plants
  2 withered plants (D:15)
157 creatures vanquished.

Grand Total: 905 creatures vanquished

Notes
Turn   | Place    | Note
-------+----------+-------------------------------------------
     0 | D:1      | qw the Minotaur Berserker began the quest for the Orb.
     0 | D:1      | Reached XP level 1. HP: 19/19 MP: 0/0
     0 | D:1      | 0 ||| qw: Version: 0.1-a-116-g5d60599
     0 | D:1      | 0 ||| qw: Game counter: 7557
     0 | D:1      | 0 ||| qw: Always use a shield: true
     0 | D:1      | 0 ||| qw: Do Orc after D:15 true
     0 | D:1      | 0 ||| qw: Do second Lair branch before Depths: true
     0 | D:1      | 0 ||| qw: Lair rune preference: random
     0 | D:1      | 0 ||| qw: Plans: Normal
     0 | D:1      | 0 ||| PLANNING D:1-11
   331 | D:1      | Reached XP level 2. HP: 26/26 MP: 1/1
   962 | D:1      | 962 ||| UPGRADING to ring of resist corrosion.
   963 | D:1      | 963 ||| READING scroll labelled XEGHUU BARAAC.
   968 | D:1      | 968 ||| READING scroll labelled OGISUF CIR.
  1128 | D:2      | 1128 ||| STAIRDANCE
  1130 | D:1      | 1130 ||| INVOKING Berserk.
  1249 | D:2      | Reached XP level 3. HP: 18/31 MP: 2/2
  1250 | D:2      | 1250 ||| STAIRDANCE
  1718 | D:2      | Reached ** piety under Trog
  1851 | D:2      | 1851 ||| Stepping ~*~*~tactically~*~*~ (stealth).
  1961 | D:2      | 1961 ||| Stepping ~*~*~tactically~*~*~ (stealth).
  1962 | D:2      | 1962 ||| Stepping ~*~*~tactically~*~*~ (stealth).
  1972 | D:2      | 1972 ||| INVOKING Berserk.
  1976 | D:2      | Reached skill level 6 in Axes
  1976 | D:2      | Reached XP level 4. HP: 23/39 MP: 3/3
  2792 | D:2      | 2792 ||| UPGRADING to +0 pair of boots.
  2797 | D:2      | 2797 ||| UPGRADING to +0 ring mail.
  2807 | D:2      | 2807 ||| DROPPING +0 animal skin.
  2808 | D:2      | 2808 ||| READING scroll labelled XICYTA IJIBUTA.
  2809 | D:2      | 2809 ||| READING scroll labelled VAXISEDAEQ.
  2810 | D:2      | 2810 ||| DRINKING 2 cyan potions.
  2935 | D:3      | Noticed Grinder
  2936 | D:3      | 2936 ||| INVOKING Trog's Hand.
  2937 | D:3      | 2937 ||| INVOKING Berserk.
  2949 | D:3      | Killed Grinder
  2950 | D:3      | Reached XP level 5. HP: 35/45 MP: 4/4
  2950 | D:3      | Reached XP level 6. HP: 40/51 MP: 5/5
  3601 | D:3      | 3601 ||| UPGRADING to +0 scale mail.
  3611 | D:3      | 3611 ||| DROPPING +0 ring mail.
  3612 | D:3      | 3612 ||| READING scroll labelled PIANGI QYQI.
  3613 | D:3      | 3613 ||| READING scroll labelled VUQOJA GUANG.
  3614 | D:3      | 3614 ||| DRINKING 2 smoky sapphire potions.
  3615 | D:3      | 3615 ||| DRINKING 2 murky brown potions.
  3616 | D:3      | 3616 ||| DRINKING 3 murky purple potions.
  3616 | D:3      | Gained mutation: You are weak. (Str -2) [potion of
                  | mutation]
  3616 | D:3      | Gained mutation: You are somewhat resistant to further
                  | mutation. [potion of mutation]
  3617 | D:3      | 3617 ||| DRINKING 2 blue potions.
  3618 | D:3      | 3618 ||| DROPPING potion of brilliance.
  3619 | D:3      | 3619 ||| DROPPING potion of invisibility.
  3642 | D:4      | Reached skill level 4 in Fighting
  3642 | D:4      | 3642 ||| STAIRDANCE
  3716 | D:4      | 3716 ||| FLEEEEING.
  3719 | D:4      | 3719 ||| FLEEEEING.
  3720 | D:4      | 3720 ||| STAIRDANCE
  3823 | D:4      | 3823 ||| INVOKING Berserk.
  3967 | D:4      | Reached skill level 9 in Axes
  3995 | D:4      | 3995 ||| Stepping ~*~*~tactically~*~*~ (stealth).
  4067 | D:4      | 4067 ||| Stepping ~*~*~tactically~*~*~ (stealth).
  4068 | D:4      | 4068 ||| Stepping ~*~*~tactically~*~*~ (stealth).
  4070 | D:4      | 4070 ||| Stepping ~*~*~tactically~*~*~ (hiding).
  4234 | D:4      | 4234 ||| INVOKING Berserk.
  4343 | D:4      | 4343 ||| DROPPING +0 whip.
  4348 | D:4      | 4348 ||| INVOKING Berserk.
  4481 | D:4      | Reached skill level 5 in Fighting
  4481 | D:4      | Reached XP level 7. HP: 53/61 MP: 6/6
  4541 | D:4      | Identified the +0 helmet "Terarphu" {rF+ Str+4}
  4591 | D:4      | 4591 ||| INVOKING Berserk.
  4753 | D:4      | 4753 ||| SWAPPING to +0 war axe.
  4754 | D:4      | 4754 ||| DROPPING +0 hand axe.
  5039 | D:4      | 5039 ||| INVOKING Berserk.
  5342 | D:4      | 5342 ||| Stepping ~*~*~tactically~*~*~ (stealth).
  5358 | D:4      | Reached *** piety under Trog
  5450 | D:4      | 5450 ||| UPGRADING to +1 hat.
  5455 | D:4      | 5455 ||| READING 3 scrolls labelled ULIDIA JITIS.
  5456 | D:4      | 5456 ||| READING scroll labelled ATEYKI TEFUE.
  5457 | D:4      | 5457 ||| READING scroll labelled SUASIN WACIC.
  5458 | D:4      | 5458 ||| DRINKING 2 purple potions.
  5459 | D:4      | 5459 ||| DRINKING 2 glowing golden potions.
  5460 | D:4      | 5460 ||| READING 2 scrolls of identify.
  5460 | D:4      | 5460 ||| IDENTIFYING golden potion
  5461 | D:4      | 5461 ||| DROPPING potion of attraction.
  5492 | D:5      | Entered Level 5 of the Dungeon
  5500 | D:5      | Reached skill level 1 in Throwing
  5513 | D:5      | 5513 ||| Stepping ~*~*~tactically~*~*~ (stealth).
  5514 | D:5      | 5514 ||| Stepping ~*~*~tactically~*~*~ (stealth).
  5516 | D:5      | 5516 ||| Stepping ~*~*~tactically~*~*~ (hiding).
  5633 | D:5      | 5633 ||| Stepping ~*~*~tactically~*~*~ (hiding).
  5635 | D:5      | 5635 ||| Stepping ~*~*~tactically~*~*~ (hiding).
  5636 | D:5      | 5636 ||| Stepping ~*~*~tactically~*~*~ (hiding).
  5637 | D:5      | 5637 ||| Stepping ~*~*~tactically~*~*~ (hiding).
  5734 | D:5      | 5734 ||| Stepping ~*~*~tactically~*~*~ (stealth).
  5737 | D:5      | 5737 ||| Stepping ~*~*~tactically~*~*~ (hiding).
  5738 | D:5      | 5738 ||| Stepping ~*~*~tactically~*~*~ (hiding).
  5739 | D:5      | 5739 ||| Stepping ~*~*~tactically~*~*~ (hiding).
  5845 | D:5      | 5845 ||| Stepping ~*~*~tactically~*~*~ (stealth).
  5849 | D:5      | Reached skill level 6 in Fighting
  5894 | D:5      | Found a staircase to the Ecumenical Temple.
  5938 | D:5      | Reached XP level 8. HP: 68/70 MP: 7/7
  6169 | D:5      | Identified the +3 ring mail "Mosh" {rN+}
  6328 | D:5      | Found a runed translucent gate.
  6329 | D:5      | Found a runed translucent gate.
  6330 | D:5      | Found a runed translucent gate.
  6330 | D:5      | Found an opulent altar of Gozag.
  6331 | D:5      | Noticed qw's ghost (novice GrFi)
  6490 | D:5      | Found a burning altar of Makhleb.
  6756 | D:5      | 6756 ||| UPGRADING to +0 cloak.
  6761 | D:5      | 6761 ||| UPGRADING to +0 chain mail.
  6771 | D:5      | 6771 ||| DROPPING +0 scale mail.
  6772 | D:5      | 6772 ||| DROPPING +3 ring mail "Mosh" {rN+}.
  6773 | D:5      | 6773 ||| UPGRADING to ring of poison resistance.
  6830 | D:6      | 6830 ||| INVOKING Berserk.
  6832 | D:6      | Reached skill level 3 in Armour
  7066 | D:6      | 7066 ||| INVOKING Berserk.
  7472 | D:6      | 7472 ||| INVOKING Berserk.
  7623 | D:6      | Found a shimmering blue altar of Sif Muna.
  7803 | D:6      | 7803 ||| UPGRADING to +0 pair of gloves.
  7808 | D:6      | 7808 ||| READING scroll labelled ZOPHATRI RIDUL.
  7809 | D:6      | 7809 ||| READING scroll labelled WOGYN EHEKECEW.
  7910 | D:6      | 7910 ||| READING scroll labelled BIREFE COWOSH.
  7911 | D:6      | 7911 ||| READING scroll labelled CIUJIT FOULAKA.
  7912 | D:6      | 7912 ||| READING 2 scrolls of identify.
  7912 | D:6      | 7912 ||| IDENTIFYING sedimented golden potion
  7913 | D:6      | 7913 ||| DROPPING potion of degeneration.
  7943 | D:7      | 7943 ||| STAIRDANCE
  7958 | D:7      | 7958 ||| STAIRDANCE
  7967 | D:7      | 7967 ||| STAIRDANCE
  7969 | D:6      | 7969 ||| INVOKING Berserk.
  8116 | D:7      | 8116 ||| STAIRDANCE
  8122 | D:7      | 8122 ||| STAIRDANCE
  8124 | D:6      | 8124 ||| INVOKING Berserk.
  8186 | D:7      | 8186 ||| INVOKING Berserk.
  8198 | D:7      | 8198 ||| FLEEEEING.
  8199 | D:7      | 8199 ||| STAIRDANCE
  8306 | D:7      | Reached skill level 12 in Axes
  8331 | D:7      | Identified the amulet of the Invisible Hand {Reflect Int+4
                  | SH+5}
  8361 | D:7      | Found a glowing silver altar of Zin.
  8410 | D:7      | 8410 ||| DROPPING +0 flail.
  8422 | D:7      | 8422 ||| READING scroll of enchant weapon.
  8422 | D:7      | 8422 ||| ENCHANTING +1 war axe of venom.
  8531 | D:7      | 8531 ||| Stepping ~*~*~tactically~*~*~ (stealth).
  8550 | D:7      | Reached XP level 9. HP: 72/78 MP: 8/8
  8607 | D:7      | 8607 ||| Stepping ~*~*~tactically~*~*~ (hiding).
  8612 | D:7      | 8612 ||| Stepping ~*~*~tactically~*~*~ (stealth).
  8615 | D:7      | Reached skill level 7 in Fighting
  8620 | D:7      | 8620 ||| READING scroll of enchant weapon.
  8620 | D:7      | 8620 ||| ENCHANTING +2 war axe of venom.
  8815 | D:7      | 8815 ||| UPGRADING to amulet of the Invisible Hand {Reflect
                  | Int+4 SH+5}.
  8820 | D:7      | 8820 ||| UPGRADING to +6 ring of dexterity.
  8865 | D:8      | Reached **** piety under Trog
  8866 | D:8      | Reached skill level 3 in Dodging
  8880 | D:8      | 8880 ||| INVOKING Berserk.
  9024 | D:8      | Noticed a six-headed hydra
  9025 | D:8      | 9025 ||| INVOKING Brothers in Arms.
  9026 | D:8      | 9026 ||| SWAPPING to +2 flail of protection.
  9027 | D:8      | 9027 ||| INVOKING Berserk.
  9031 | D:8      | Killed a six-headed hydra
  9065 | D:8      | 9065 ||| SWAPPING to +3 war axe of venom.
  9184 | D:8      | 9184 ||| Stepping ~*~*~tactically~*~*~ (stealth).
  9207 | D:8      | Reached skill level 6 in Armour
  9210 | D:8      | 9210 ||| FLEEEEING.
  9211 | D:8      | 9211 ||| FLEEEEING.
  9214 | D:8      | 9214 ||| FLEEEEING.
  9215 | D:8      | 9215 ||| FLEEEEING.
  9216 | D:8      | 9216 ||| FLEEEEING.
  9220 | D:8      | 9220 ||| FLEEEEING.
  9221 | D:8      | 9221 ||| FLEEEEING.
  9224 | D:8      | 9224 ||| FLEEEEING.
  9227 | D:8      | 9227 ||| FLEEEEING.
  9414 | D:8      | Reached skill level 8 in Fighting
  9423 | D:8      | 9423 ||| FLEEEEING.
  9424 | D:8      | 9424 ||| FLEEEEING.
  9425 | D:8      | 9425 ||| FLEEEEING.
  9426 | D:8      | 9426 ||| FLEEEEING.
  9427 | D:8      | 9427 ||| FLEEEEING.
  9428 | D:8      | 9428 ||| FLEEEEING.
  9429 | D:8      | 9429 ||| FLEEEEING.
  9430 | D:8      | 9430 ||| FLEEEEING.
  9431 | D:8      | 9431 ||| FLEEEEING.
  9432 | D:8      | 9432 ||| FLEEEEING.
  9433 | D:8      | 9433 ||| FLEEEEING.
  9435 | D:8      | 9435 ||| FLEEEEING.
  9436 | D:8      | 9436 ||| FLEEEEING.
  9437 | D:8      | 9437 ||| FLEEEEING.
  9438 | D:8      | 9438 ||| FLEEEEING.
  9439 | D:8      | 9439 ||| FLEEEEING.
  9440 | D:8      | 9440 ||| FLEEEEING.
  9441 | D:8      | 9441 ||| FLEEEEING.
  9442 | D:8      | 9442 ||| FLEEEEING.
  9443 | D:8      | 9443 ||| FLEEEEING.
  9444 | D:8      | 9444 ||| FLEEEEING.
  9445 | D:8      | 9445 ||| FLEEEEING.
  9446 | D:8      | 9446 ||| FLEEEEING.
  9447 | D:8      | 9447 ||| FLEEEEING.
  9513 | D:8      | 9513 ||| Stepping ~*~*~tactically~*~*~ (hiding).
  9535 | D:8      | 9535 ||| Stepping ~*~*~tactically~*~*~ (stealth).
  9553 | D:8      | Reached XP level 10. HP: 78/88 MP: 9/9
  9643 | D:8      | 9643 ||| Stepping ~*~*~tactically~*~*~ (stealth).
  9653 | D:8      | Reached skill level 3 in Throwing
  9667 | D:8      | 9667 ||| Stepping ~*~*~tactically~*~*~ (stealth).
  9691 | D:8      | Found a basalt altar of Yredelemnul.
  9751 | D:8      | 9751 ||| INVOKING Berserk.
  9970 | D:8      | 9970 ||| Stepping ~*~*~tactically~*~*~ (stealth).
  9972 | D:8      | 9972 ||| Stepping ~*~*~tactically~*~*~ (stealth).
 10293 | D:9      | Noticed Amaemon
 10294 | D:9      | 10294 ||| Stepping ~*~*~tactically~*~*~ (hiding).
 10297 | D:9      | 10297 ||| INVOKING Berserk.
 10302 | D:9      | Killed Amaemon
 10310 | D:9      | Noticed an orange demon
 10320 | D:9      | Killed an orange demon
 10321 | D:9      | Reached skill level 15 in Axes
 10392 | D:9      | 10392 ||| DROPPING +2 flail of protection.
 10535 | D:9      | 10535 ||| FLEEEEING.
 10540 | D:9      | Reached skill level 9 in Fighting
 10545 | D:9      | 10545 ||| FLEEEEING.
 10546 | D:9      | 10546 ||| FLEEEEING.
 10547 | D:9      | 10547 ||| FLEEEEING.
 10548 | D:9      | 10548 ||| FLEEEEING.
 10549 | D:9      | 10549 ||| FLEEEEING.
 10550 | D:9      | 10550 ||| FLEEEEING.
 10551 | D:9      | 10551 ||| FLEEEEING.
 10552 | D:9      | 10552 ||| FLEEEEING.
 10554 | D:9      | 10554 ||| FLEEEEING.
 10555 | D:9      | 10555 ||| FLEEEEING.
 10556 | D:9      | 10556 ||| FLEEEEING.
 10557 | D:9      | 10557 ||| FLEEEEING.
 10558 | D:9      | 10558 ||| FLEEEEING.
 10559 | D:9      | 10559 ||| FLEEEEING.
 10560 | D:9      | 10560 ||| FLEEEEING.
 10561 | D:9      | 10561 ||| FLEEEEING.
 10562 | D:9      | 10562 ||| FLEEEEING.
 10563 | D:9      | 10563 ||| FLEEEEING.
 10564 | D:9      | 10564 ||| FLEEEEING.
 10565 | D:9      | 10565 ||| FLEEEEING.
 10566 | D:9      | 10566 ||| FLEEEEING.
 10567 | D:9      | 10567 ||| FLEEEEING.
 10568 | D:9      | 10568 ||| FLEEEEING.
 10569 | D:9      | 10569 ||| FLEEEEING.
 10570 | D:9      | 10570 ||| FLEEEEING.
 10571 | D:9      | 10571 ||| FLEEEEING.
 10572 | D:9      | 10572 ||| FLEEEEING.
 10573 | D:9      | 10573 ||| FLEEEEING.
 10574 | D:9      | 10574 ||| FLEEEEING.
 10575 | D:9      | 10575 ||| FLEEEEING.
 10576 | D:9      | 10576 ||| FLEEEEING.
 10577 | D:9      | 10577 ||| FLEEEEING.
 10578 | D:9      | 10578 ||| FLEEEEING.
 10579 | D:9      | 10579 ||| FLEEEEING.
 10580 | D:9      | 10580 ||| FLEEEEING.
 10581 | D:9      | 10581 ||| FLEEEEING.
 10582 | D:9      | 10582 ||| FLEEEEING.
 10583 | D:9      | 10583 ||| FLEEEEING.
 10584 | D:9      | 10584 ||| FLEEEEING.
 10585 | D:9      | 10585 ||| FLEEEEING.
 10586 | D:9      | 10586 ||| FLEEEEING.
 10662 | D:9      | 10662 ||| Stepping ~*~*~tactically~*~*~ (stealth).
 10664 | D:9      | 10664 ||| Stepping ~*~*~tactically~*~*~ (stealth).
 10665 | D:9      | 10665 ||| Stepping ~*~*~tactically~*~*~ (stealth).
 10669 | D:9      | 10669 ||| Stepping ~*~*~tactically~*~*~ (hiding).
 10675 | D:9      | Reached ***** piety under Trog
 10819 | D:9      | Noticed Erolcha
 10820 | D:9      | 10820 ||| INVOKING Trog's Hand.
 10821 | D:9      | 10821 ||| INVOKING Brothers in Arms.
 10822 | D:9      | 10822 ||| INVOKING Berserk.
 10826 | D:9      | Killed Erolcha
 11140 | D:9      | Noticed a necromancer
 11145 | D:9      | Killed a necromancer
 11146 | D:9      | Reached XP level 11. HP: 69/97 MP: 10/10
 11291 | D:9      | 11291 ||| FLEEEEING.
 11295 | D:9      | 11295 ||| FLEEEEING.
 11296 | D:9      | 11296 ||| FLEEEEING.
 11297 | D:9      | 11297 ||| FLEEEEING.
 11298 | D:9      | 11298 ||| FLEEEEING.
 11299 | D:9      | 11299 ||| FLEEEEING.
 11300 | D:9      | 11300 ||| FLEEEEING.
 11301 | D:9      | 11301 ||| FLEEEEING.
 11302 | D:9      | 11302 ||| FLEEEEING.
 11303 | D:9      | 11303 ||| FLEEEEING.
 11304 | D:9      | 11304 ||| FLEEEEING.
 11305 | D:9      | 11305 ||| FLEEEEING.
 11306 | D:9      | 11306 ||| FLEEEEING.
 11307 | D:9      | 11307 ||| FLEEEEING.
 11308 | D:9      | 11308 ||| FLEEEEING.
 11312 | D:9      | 11312 ||| FLEEEEING.
 11316 | D:9      | 11316 ||| STAIRDANCE
 11357 | D:8      | 11357 ||| UPGRADING to +0 plate armour.
 11367 | D:8      | 11367 ||| DROPPING +0 chain mail.
 11368 | D:8      | 11368 ||| READING 3 scrolls of identify.
 11368 | D:8      | 11368 ||| IDENTIFYING sedimented grey potion
 11369 | D:8      | 11369 ||| READING 2 scrolls of identify.
 11369 | D:8      | 11369 ||| IDENTIFYING brown potion
 11370 | D:8      | 11370 ||| DROPPING potion of lignification.
 11491 | D:10     | Entered Level 10 of the Dungeon
 11499 | D:10     | Noticed Nergalle
 11502 | D:10     | 11502 ||| INVOKING Berserk.
 11509 | D:10     | Killed Nergalle
 11515 | D:10     | HP: 21/97 [electric eel/bolt of electricity (11)]
 11516 | D:10     | 11516 ||| READING 5 scrolls of teleportation.
 11517 | D:10     | 11517 ||| DRINKING 2 potions of heal wounds.
 11519 | D:10     | 11519 ||| DRINKING potion of heal wounds.
 11755 | D:10     | 11755 ||| Stepping ~*~*~tactically~*~*~ (stealth).
 11846 | D:10     | 11846 ||| Stepping ~*~*~tactically~*~*~ (water).
 11863 | D:10     | 11863 ||| Stepping ~*~*~tactically~*~*~ (stealth).
 11864 | D:10     | 11864 ||| Stepping ~*~*~tactically~*~*~ (stealth).
 11865 | D:10     | 11865 ||| Stepping ~*~*~tactically~*~*~ (stealth).
 11866 | D:10     | 11866 ||| Stepping ~*~*~tactically~*~*~ (stealth).
 11900 | D:10     | 11900 ||| Stepping ~*~*~tactically~*~*~ (stealth).
 11903 | D:10     | 11903 ||| Stepping ~*~*~tactically~*~*~ (stealth).
 11962 | D:10     | 11962 ||| READING scroll of enchant weapon.
 11962 | D:10     | 11962 ||| ENCHANTING +3 war axe of venom.
 11996 | D:10     | 11996 ||| Stepping ~*~*~tactically~*~*~ (stealth).
 12010 | D:10     | Found a stormy altar of Qazlal.
 12048 | D:10     | 12048 ||| INVOKING Berserk.
 12174 | D:10     | Noticed Grum
 12175 | D:10     | 12175 ||| Stepping ~*~*~tactically~*~*~ (hiding).
 12179 | D:10     | Reached skill level 9 in Armour
 12179 | D:10     | 12179 ||| Stepping ~*~*~tactically~*~*~ (hiding).
 12182 | D:10     | 12182 ||| INVOKING Berserk.
 12189 | D:10     | Killed Grum
 12257 | D:10     | 12257 ||| INVOKING Berserk.
 12424 | D:10     | 12424 ||| Stepping randomly (disturbance).
 12425 | D:10     | 12425 ||| Stepping randomly (disturbance).
 12478 | D:10     | Reached skill level 10 in Fighting
 12537 | D:10     | Found a broken altar of Ashenzari.
 12539 | D:10     | 12539 ||| SWAPPING to +0 broad axe.
 12540 | D:10     | 12540 ||| DROPPING +4 war axe of venom.
 12621 | D:10     | 12621 ||| READING scroll of enchant armour.
 12621 | D:10     | 12621 ||| ENCHANTING +0 pair of gloves.
 12643 | D:10     | 12643 ||| FLEEEEING.
 12644 | D:10     | 12644 ||| FLEEEEING.
 12645 | D:10     | 12645 ||| FLEEEEING.
 12646 | D:10     | 12646 ||| FLEEEEING.
 12647 | D:10     | 12647 ||| FLEEEEING.
 12789 | D:10     | 12789 ||| FLEEEEING.
 12848 | D:10     | 12848 ||| Stepping ~*~*~tactically~*~*~ (stealth).
 12850 | D:10     | 12850 ||| Stepping ~*~*~tactically~*~*~ (hiding).
 12959 | D:10     | Found a radiant altar of Vehumet.
 12991 | D:10     | 12991 ||| INVOKING Berserk.
 13174 | D:10     | 13174 ||| UPGRADING to +6 ring of strength.
 13176 | D:10     | 13176 ||| DROPPING ring of resist corrosion.
 13321 | D:11     | Found a shadowy altar of Dithmenos.
 13443 | D:11     | 13443 ||| Stepping ~*~*~tactically~*~*~ (stealth).
 13452 | D:11     | 13452 ||| Stepping ~*~*~tactically~*~*~ (stealth).
 13453 | D:11     | 13453 ||| Stepping ~*~*~tactically~*~*~ (stealth).
 13584 | D:11     | Found a staircase to the Orcish Mines.
 13585 | D:11     | Noticed a green ugly thing
 13587 | D:11     | Noticed a two-headed ogre
 13594 | D:11     | 13594 ||| INVOKING Berserk.
 13595 | D:11     | Killed a green ugly thing
 13598 | D:11     | Killed a two-headed ogre
 13750 | D:11     | 13750 ||| Stepping ~*~*~tactically~*~*~ (stealth).
 13752 | D:11     | 13752 ||| INVOKING Berserk.
 14105 | D:11     | Noticed a two-headed ogre
 14110 | D:11     | 14110 ||| INVOKING Berserk.
 14113 | D:11     | Killed a two-headed ogre
 14114 | D:11     | Reached skill level 18 in Axes
 14249 | D:11     | Noticed an oklob plant
 14250 | D:11     | Noticed an oklob plant
 14252 | D:11     | Found a staircase to the Lair.
 14253 | D:11     | 14253 ||| INVOKING Berserk.
 14258 | D:11     | Killed an oklob plant
 14270 | D:11     | Killed an oklob plant
 14271 | D:11     | Reached XP level 12. HP: 68/106 MP: 11/11
 14836 | D:11     | 14836 ||| PLANNING LAIR
 14836 | D:11     | 14836 ||| READING scroll labelled FAONOR AMMOUNN.
 14837 | D:11     | 14837 ||| READING 2 scrolls of identify.
 14837 | D:11     | 14837 ||| IDENTIFYING sedimented emerald potion
 14838 | D:11     | 14838 ||| DROPPING potion of magic.
 14906 | Lair:1   | Entered Level 1 of the Lair of Beasts
 15078 | Lair:1   | 15078 ||| Stepping ~*~*~tactically~*~*~ (stealth).
 15297 | Lair:1   | 15297 ||| Stepping ~*~*~tactically~*~*~ (stealth).
 15301 | Lair:1   | 15301 ||| Stepping ~*~*~tactically~*~*~ (stealth).
 15302 | Lair:1   | 15302 ||| Stepping ~*~*~tactically~*~*~ (stealth).
 15304 | Lair:1   | 15304 ||| Stepping ~*~*~tactically~*~*~ (stealth).
 15340 | Lair:1   | 15340 ||| READING scroll of enchant armour.
 15340 | Lair:1   | 15340 ||| ENCHANTING +1 pair of gloves.
 15367 | Lair:1   | Reached skill level 11 in Fighting
 15368 | Lair:1   | 15368 ||| Stepping ~*~*~tactically~*~*~ (stealth).
 15369 | Lair:1   | 15369 ||| Stepping ~*~*~tactically~*~*~ (stealth).
 15395 | Lair:1   | 15395 ||| Stepping ~*~*~tactically~*~*~ (stealth).
 15399 | Lair:1   | 15399 ||| INVOKING Berserk.
 15556 | Lair:1   | Identified the +6 chain mail of Light {rN+ Will+ Int-4}
 16033 | Lair:1   | 16033 ||| UPGRADING to +6 chain mail of Light {rN+ Will+
                  | Int-4}.
 16043 | Lair:1   | 16043 ||| DROPPING +0 plate armour.
 16091 | Lair:2   | Found a staircase to the Shoals.
 16162 | Lair:2   | 16162 ||| Stepping ~*~*~tactically~*~*~ (stealth).
 16338 | Lair:2   | Identified the +8 arbalest "Quset" {flame, rN+}
 16387 | Lair:2   | Reached skill level 12 in Fighting
 16496 | Lair:2   | Noticed Gastronok
 16502 | Lair:2   | 16502 ||| INVOKING Berserk.
 16509 | Lair:2   | Killed Gastronok
 16872 | Lair:2   | 16872 ||| UPGRADING to +2 hat of intelligence.
 16882 | Lair:2   | 16882 ||| DROPPING +1 hat.
 16893 | Lair:3   | Noticed a six-headed hydra
 16894 | Lair:3   | 16894 ||| INVOKING Brothers in Arms.
 16895 | Lair:3   | 16895 ||| SWAPPING to -1 demon whip of venom.
 16897 | Lair:3   | 16897 ||| INVOKING Berserk.
 16897 | Lair:3   | Killed a six-headed hydra
 16904 | Lair:3   | 16904 ||| SWAPPING to +0 broad axe.
 17055 | Lair:3   | Noticed a six-headed hydra
 17056 | Lair:3   | 17056 ||| INVOKING Brothers in Arms.
 17057 | Lair:3   | 17057 ||| INVOKING Brothers in Arms.
 17059 | Lair:3   | 17059 ||| SWAPPING to -1 demon whip of venom.
 17060 | Lair:3   | 17060 ||| INVOKING Berserk.
 17063 | Lair:3   | Killed a six-headed hydra
 17064 | Lair:3   | Reached skill level 13 in Fighting
 17087 | Lair:3   | 17087 ||| SWAPPING to +0 broad axe.
 17096 | Lair:3   | Reached skill level 6 in Throwing
 17096 | Lair:3   | Found a staircase to the Snake Pit.
 17109 | Lair:3   | 17109 ||| FLEEEEING.
 17159 | Lair:3   | 17159 ||| Stepping ~*~*~tactically~*~*~ (hiding).
 17277 | Lair:3   | 17277 ||| Stepping ~*~*~tactically~*~*~ (stealth).
 17278 | Lair:3   | 17278 ||| Stepping ~*~*~tactically~*~*~ (stealth).
 17279 | Lair:3   | 17279 ||| Stepping ~*~*~tactically~*~*~ (stealth).
 17297 | Lair:3   | Reached skill level 6 in Dodging
 17416 | Lair:3   | 17416 ||| Stepping ~*~*~tactically~*~*~ (stealth).
 17418 | Lair:3   | 17418 ||| Stepping ~*~*~tactically~*~*~ (hiding).
 17421 | Lair:3   | 17421 ||| Stepping ~*~*~tactically~*~*~ (hiding).
 17425 | Lair:3   | 17425 ||| Stepping ~*~*~tactically~*~*~ (stealth).
 17467 | Lair:3   | 17467 ||| INVOKING Berserk.
 17468 | Lair:3   | Reached XP level 13. HP: 123/123 MP: 12/12
 17483 | Lair:3   | 17483 ||| INVOKING Brothers in Arms.
 17484 | Lair:3   | 17484 ||| INVOKING Brothers in Arms.
 17485 | Lair:3   | 17485 ||| INVOKING Brothers in Arms.
 17486 | Lair:3   | 17486 ||| INVOKING Brothers in Arms.
 17487 | Lair:3   | Reached skill level 14 in Fighting
 17487 | Lair:3   | 17487 ||| SWAPPING to -1 demon whip of venom.
 17493 | Lair:3   | 17493 ||| SWAPPING to +0 broad axe.
 17498 | Lair:3   | 17498 ||| SWAPPING to -1 demon whip of venom.
 17501 | Lair:3   | 17501 ||| SWAPPING to +0 broad axe.
 17744 | Lair:3   | 17744 ||| Stepping ~*~*~tactically~*~*~ (hiding).
 17747 | Lair:3   | 17747 ||| Stepping ~*~*~tactically~*~*~ (hiding).
 17748 | Lair:3   | 17748 ||| Stepping ~*~*~tactically~*~*~ (hiding).
 17760 | Lair:3   | 17760 ||| Stepping ~*~*~tactically~*~*~ (stealth).
 17983 | Lair:3   | 17983 ||| Stepping ~*~*~tactically~*~*~ (stealth).
 18107 | Lair:3   | 18107 ||| DROPPING amulet of guardian spirit.
 18108 | Lair:3   | 18108 ||| READING scroll labelled ZEUFAJ XANWI.
 18125 | Lair:4   | Found a viscous altar of Jiyva.
 18125 | Lair:4   | Found a staircase to the Slime Pits.
 18126 | Lair:4   | 18126 ||| PLANNING GAUNTLET
 18267 | Lair:4   | Reached skill level 15 in Fighting
 18269 | Lair:4   | 18269 ||| INVOKING Berserk.
 18622 | Lair:4   | 18622 ||| RIP GAUNTLET
 18650 | Lair:4   | 18650 ||| PLANNING LAIR
 18759 | Lair:4   | 18759 ||| Stepping ~*~*~tactically~*~*~ (stealth).
 18760 | Lair:4   | 18760 ||| Stepping ~*~*~tactically~*~*~ (stealth).
 18762 | Lair:4   | 18762 ||| Stepping ~*~*~tactically~*~*~ (stealth).
 18765 | Lair:4   | 18765 ||| Stepping ~*~*~tactically~*~*~ (stealth).
 18768 | Lair:4   | 18768 ||| Stepping ~*~*~tactically~*~*~ (stealth).
 18774 | Lair:4   | Reached skill level 12 in Armour
 19182 | Lair:4   | 19182 ||| DROPPING amulet of reflection.
 19183 | Lair:4   | 19183 ||| UPGRADING to +4 ring of evasion.
 19185 | Lair:4   | 19185 ||| DROPPING +6 ring of dexterity.
 19186 | Lair:4   | 19186 ||| DROPPING ring of positive energy.
 19206 | Lair:5   | Entered Level 5 of the Lair of Beasts
 19211 | Lair:5   | 19211 ||| STAIRDANCE
 19285 | Lair:5   | 19285 ||| INVOKING Berserk.
 19292 | Lair:5   | 19292 ||| STAIRDANCE
 19416 | Lair:5   | 19416 ||| INVOKING Berserk.
 19534 | Lair:5   | 19534 ||| INVOKING Berserk.
 19552 | Lair:5   | 19552 ||| INVOKING Brothers in Arms.
 19557 | Lair:5   | 19557 ||| SWAPPING to -1 demon whip of venom.
 19562 | Lair:5   | 19562 ||| SWAPPING to +0 broad axe.
 19569 | Lair:5   | Reached skill level 16 in Fighting
 19584 | Lair:5   | 19584 ||| INVOKING Berserk.
 19603 | Lair:5   | 19603 ||| Stepping ~*~*~tactically~*~*~ (water).
 19618 | Lair:5   | 19618 ||| FLEEEEING.
 19619 | Lair:5   | 19619 ||| FLEEEEING.
 19620 | Lair:5   | 19620 ||| FLEEEEING.
 19621 | Lair:5   | 19621 ||| FLEEEEING.
 19622 | Lair:5   | 19622 ||| STAIRDANCE
 19779 | Lair:5   | 19779 ||| STAIRDANCE
 19787 | Lair:5   | 19787 ||| STAIRDANCE
 19844 | Lair:5   | 19844 ||| INVOKING Berserk.
 19902 | Lair:5   | Identified the +2 halberd of Xioryec {holy, *Rage rPois
                  | Dex+7}
 19943 | Lair:5   | 19943 ||| READING scroll of enchant weapon.
 19943 | Lair:5   | 19943 ||| ENCHANTING +0 broad axe.
 20015 | Lair:5   | 20015 ||| INVOKING Berserk.
 20035 | Lair:5   | 20035 ||| Stepping ~*~*~tactically~*~*~ (stealth).
 20048 | Lair:5   | 20048 ||| INVOKING Brothers in Arms.
 20049 | Lair:5   | 20049 ||| INVOKING Brothers in Arms.
 20073 | Lair:5   | 20073 ||| INVOKING Berserk.
 20084 | Lair:5   | 20084 ||| FLEEEEING.
 20085 | Lair:5   | 20085 ||| FLEEEEING.
 20086 | Lair:5   | 20086 ||| FLEEEEING.
 20087 | Lair:5   | 20087 ||| FLEEEEING.
 20088 | Lair:5   | 20088 ||| FLEEEEING.
 20089 | Lair:5   | 20089 ||| FLEEEEING.
 20090 | Lair:5   | 20090 ||| FLEEEEING.
 20091 | Lair:5   | 20091 ||| FLEEEEING.
 20092 | Lair:5   | 20092 ||| STAIRDANCE
 20194 | Lair:4   | 20194 ||| READING 3 scrolls of identify.
 20194 | Lair:4   | 20194 ||| IDENTIFYING fizzy brown potion
 20195 | Lair:4   | 20195 ||| DROPPING potion of ambrosia.
 20241 | Lair:5   | Reached XP level 14. HP: 135/138 MP: 13/13
 20276 | Lair:5   | Reached skill level 17 in Fighting
 20366 | Lair:5   | 20366 ||| INVOKING Berserk.
 20665 | Lair:5   | 20665 ||| FLEEEEING.
 20666 | Lair:5   | 20666 ||| STAIRDANCE
 21077 | Lair:5   | 21077 ||| PLANNING D
 21197 | D:12     | 21197 ||| STAIRDANCE
 21280 | D:12     | 21280 ||| INVOKING Brothers in Arms.
 21281 | D:12     | 21281 ||| INVOKING Brothers in Arms.
 21282 | D:12     | 21282 ||| INVOKING Brothers in Arms.
 21283 | D:12     | 21283 ||| INVOKING Brothers in Arms.
 21284 | D:12     | 21284 ||| SWAPPING to -1 demon whip of venom.
 21285 | D:12     | 21285 ||| INVOKING Berserk.
 21294 | D:12     | 21294 ||| SWAPPING to +1 broad axe.
 21431 | D:12     | 21431 ||| INVOKING Berserk.
 21584 | D:12     | 21584 ||| Stepping ~*~*~tactically~*~*~ (stealth).
 21596 | D:12     | 21596 ||| Stepping ~*~*~tactically~*~*~ (stealth).
 21777 | D:12     | 21777 ||| INVOKING Berserk.
 22030 | D:12     | 22030 ||| Stepping ~*~*~tactically~*~*~ (hiding).
 22320 | D:12     | 22320 ||| INVOKING Berserk.
 22465 | D:12     | 22465 ||| READING 5 scrolls of identify.
 22465 | D:12     | 22465 ||| IDENTIFYING red potion
 22466 | D:12     | 22466 ||| DROPPING potion of berserk rage.
 22506 | D:13     | 22506 ||| STAIRDANCE
 22663 | D:13     | 22663 ||| STAIRDANCE
 22795 | D:13     | 22795 ||| FLEEEEING.
 22796 | D:13     | 22796 ||| FLEEEEING.
 22809 | D:13     | 22809 ||| FLEEEEING.
 22819 | D:13     | 22819 ||| STAIRDANCE
 22921 | D:13     | 22921 ||| Stepping ~*~*~tactically~*~*~ (stealth).
 22979 | D:13     | 22979 ||| Stepping ~*~*~tactically~*~*~ (hiding).
 22981 | D:13     | 22981 ||| INVOKING Trog's Hand.
 22985 | D:13     | 22985 ||| INVOKING Berserk.
 23013 | D:13     | Reached skill level 18 in Fighting
 23283 | D:13     | 23283 ||| Stepping ~*~*~tactically~*~*~ (hiding).
 23402 | D:13     | 23402 ||| INVOKING Berserk.
 23510 | D:13     | Identified the +7 falchion of Huip {freeze, *Slow Fly rN+++
                  | Int+2}
 23534 | D:13     | 23534 ||| INVOKING Berserk.
 23699 | D:13     | 23699 ||| INVOKING Berserk.
 23816 | D:13     | 23816 ||| READING 9 scrolls of teleportation.
 23817 | D:13     | 23817 ||| INVOKING Berserk.
 23924 | D:13     | 23924 ||| FLEEEEING.
 23928 | D:13     | 23928 ||| INVOKING Berserk.
 24057 | D:13     | 24057 ||| FLEEEEING.
 24059 | D:13     | 24059 ||| FLEEEEING.
 24068 | D:13     | 24068 ||| STAIRDANCE
 24209 | D:13     | 24209 ||| Stepping ~*~*~tactically~*~*~ (stealth).
 24210 | D:13     | 24210 ||| Stepping ~*~*~tactically~*~*~ (stealth).
 24244 | D:13     | 24244 ||| Stepping ~*~*~tactically~*~*~ (stealth).
 24281 | D:13     | 24281 ||| INVOKING Berserk.
 24432 | D:13     | Reached skill level 15 in Armour
 24517 | D:13     | 24517 ||| Stepping ~*~*~tactically~*~*~ (hiding).
 24520 | D:13     | 24520 ||| INVOKING Berserk.
 24712 | D:13     | Found a gate to the Vaults.
 24778 | D:14     | Found a white marble altar of Elyvilon.
 24849 | D:14     | 24849 ||| INVOKING Berserk.
 25059 | D:14     | Found a transporter.
 25062 | D:14     | Noticed Cofimnas's ghost (journeyman FoFi)
 25065 | D:14     | Found a transporter.
 25092 | D:14     | 25092 ||| INVOKING Berserk.
 25213 | D:14     | 25213 ||| Stepping ~*~*~tactically~*~*~ (hiding).
 25216 | D:14     | 25216 ||| INVOKING Berserk.
 25228 | D:14     | 25228 ||| Stepping ~*~*~tactically~*~*~ (stealth).
 25350 | D:14     | 25350 ||| FLEEEEING.
 25361 | D:14     | 25361 ||| FLEEEEING.
 25362 | D:14     | 25362 ||| FLEEEEING.
 25366 | D:14     | 25366 ||| FLEEEEING.
 25508 | D:14     | 25508 ||| FLEEEEING.
 25509 | D:14     | 25509 ||| FLEEEEING.
 25510 | D:14     | 25510 ||| FLEEEEING.
 25511 | D:14     | 25511 ||| FLEEEEING.
 25512 | D:14     | 25512 ||| FLEEEEING.
 25513 | D:14     | 25513 ||| FLEEEEING.
 25514 | D:14     | 25514 ||| FLEEEEING.
 25516 | D:14     | 25516 ||| STAIRDANCE
 25601 | D:14     | 25601 ||| Stepping ~*~*~tactically~*~*~ (stealth).
 25603 | D:14     | 25603 ||| Stepping ~*~*~tactically~*~*~ (hiding).
 25684 | D:14     | Reached XP level 15. HP: 128/150 MP: 14/14
 25699 | D:14     | 25699 ||| INVOKING Berserk.
 26043 | D:14     | 26043 ||| SWAPPING to -1 demon whip of venom.
 26044 | D:14     | 26044 ||| INVOKING Berserk.
 26052 | D:14     | 26052 ||| SWAPPING to +1 broad axe.
 26277 | D:14     | 26277 ||| Stepping ~*~*~tactically~*~*~ (hiding).
 26522 | D:14     | 26522 ||| READING 7 scrolls of identify.
 26522 | D:14     | 26522 ||| IDENTIFYING bubbling emerald potion
 26523 | D:14     | 26523 ||| DROPPING potion of flight.
 26553 | D:15     | Entered Level 15 of the Dungeon
 26559 | D:15     | 26559 ||| INVOKING Berserk.
 26703 | D:15     | Noticed Louise
 26704 | D:15     | 26704 ||| INVOKING Trog's Hand.
 26712 | D:15     | Reached skill level 19 in Fighting
 26712 | D:15     | 26712 ||| INVOKING Berserk.
 26724 | D:15     | Killed Louise
 26902 | D:15     | 26902 ||| READING scroll of enchant weapon.
 26902 | D:15     | 26902 ||| ENCHANTING +1 broad axe.
 26952 | D:15     | 26952 ||| INVOKING Berserk.
 27282 | D:15     | Noticed Giaff's ghost (journeyman DsGl)
 27283 | D:15     | Found a runed translucent door.
 27377 | D:15     | Found a staircase to the Depths.
 27378 | D:15     | 27378 ||| INVOKING Berserk.
 27756 | D:15     | 27756 ||| Stepping ~*~*~tactically~*~*~ (hiding).
 28360 | D:15     | 28360 ||| PLANNING ORC
 28360 | D:15     | 28360 ||| UPGRADING to +0 tower shield.
 28365 | D:15     | 28365 ||| DROPPING ring of willpower.
 28534 | Orc:1    | Entered Level 1 of the Orcish Mines
 28609 | Orc:1    | 28609 ||| Stepping ~*~*~tactically~*~*~ (hiding).
 28634 | Orc:1    | 28634 ||| Stepping ~*~*~tactically~*~*~ (hiding).
 28635 | Orc:1    | 28635 ||| Stepping ~*~*~tactically~*~*~ (hiding).
 28638 | Orc:1    | 28638 ||| INVOKING Trog's Hand.
 28640 | Orc:1    | 28640 ||| INVOKING Berserk.
 28643 | Orc:1    | Reached skill level 1 in Shields
 28794 | Orc:1    | 28794 ||| Stepping ~*~*~tactically~*~*~ (hiding).
 28909 | Orc:1    | 28909 ||| INVOKING Berserk.
 29042 | Orc:2    | Entered Level 2 of the Orcish Mines
 29047 | Orc:2    | 29047 ||| STAIRDANCE
 29137 | Orc:2    | Found Movopnaw's Vocational Training.
 29185 | Orc:2    | 29185 ||| Stepping ~*~*~tactically~*~*~ (stealth).
 29188 | Orc:2    | 29188 ||| Stepping ~*~*~tactically~*~*~ (hiding).
 29189 | Orc:2    | 29189 ||| Stepping ~*~*~tactically~*~*~ (hiding).
 29190 | Orc:2    | 29190 ||| INVOKING Trog's Hand.
 29194 | Orc:2    | 29194 ||| INVOKING Berserk.
 29196 | Orc:2    | Reached skill level 3 in Shields
 29208 | Orc:2    | Found Tusmuham's Jewellery Shop.
 29208 | Orc:2    | Found Janyezut's Jewellery Emporium.
 29208 | Orc:2    | Found Ushret's General Store.
 29208 | Orc:2    | Found Saehylob's Armour Shop.
 29214 | Orc:2    | 29214 ||| INVOKING Trog's Hand.
 29221 | Orc:2    | Reached skill level 6 in Shields
 29223 | Orc:2    | 29223 ||| INVOKING Trog's Hand.
 29223 | Orc:2    | HP: 34/152 [two-headed ogre/+0 giant club (8)]
 29224 | Orc:2    | 29224 ||| READING 11 scrolls of teleportation.
 29225 | Orc:2    | 29225 ||| DRINKING 3 potions of heal wounds.
 29239 | Orc:2    | 29239 ||| INVOKING Berserk.
 29345 | Orc:2    | 29345 ||| Invisible monster not found???
 29579 | Orc:2    | Found a staircase to the Elven Halls.
 29628 | Orc:2    | Found Boul's Jewellery Emporium.
 29647 | Orc:2    | 29647 ||| BUYING ring "Vatybb" {Ice Int+3 Dex+3} (624
                  | gold).
 29647 | Orc:2    | Bought the ring "Vatybb" {Ice Int+3 Dex+3} for 624 gold
                  | pieces
 29753 | Orc:2    | 29753 ||| INVOKING Trog's Hand.
 29757 | Orc:2    | 29757 ||| INVOKING Berserk.
 29799 | Orc:2    | 29799 ||| FLEEEEING.
 29800 | Orc:2    | 29800 ||| FLEEEEING.
 29801 | Orc:2    | 29801 ||| FLEEEEING.
 29802 | Orc:2    | 29802 ||| FLEEEEING.
 29803 | Orc:2    | 29803 ||| FLEEEEING.
 29804 | Orc:2    | 29804 ||| FLEEEEING.
 29805 | Orc:2    | 29805 ||| FLEEEEING.
 29806 | Orc:2    | 29806 ||| FLEEEEING.
 29807 | Orc:2    | 29807 ||| STAIRDANCE
 29848 | Orc:2    | 29848 ||| INVOKING Trog's Hand.
 29915 | Orc:2    | 29915 ||| Stepping ~*~*~tactically~*~*~ (stealth).
 29917 | Orc:2    | 29917 ||| Stepping ~*~*~tactically~*~*~ (stealth).
 30017 | Orc:2    | Reached skill level 9 in Shields
 30062 | Orc:2    | 30062 ||| FLEEEEING.
 30110 | Orc:2    | 30110 ||| Stepping ~*~*~tactically~*~*~ (stealth).
 30147 | Orc:2    | 30147 ||| INVOKING Trog's Hand.
 30148 | Orc:2    | 30148 ||| INVOKING Berserk.
 30263 | Orc:2    | 30263 ||| BUYING potion of curing (42 gold).
 30263 | Orc:2    | Bought a potion of curing for 42 gold pieces
 30263 | Orc:2    | 30263 ||| BUYING scroll of identify (28 gold).
 30263 | Orc:2    | Bought a scroll of identify for 28 gold pieces
 30264 | Orc:2    | 30264 ||| BUYING +4 ring of evasion (540 gold).
 30264 | Orc:2    | Bought a +4 ring of evasion for 540 gold pieces
 30265 | Orc:2    | 30265 ||| BUYING ring of protection from fire (400 gold).
 30265 | Orc:2    | Bought a ring of protection from fire for 400 gold pieces
 30348 | Orc:2    | 30348 ||| DROPPING ring "Vatybb" {Ice Int+3 Dex+3}.
 30349 | Orc:2    | 30349 ||| DROPPING +6 ring of strength.
 30519 | Orc:1    | 30519 ||| PLANNING SNAKE:1-3
 30635 | Snake:1  | Entered Level 1 of the Snake Pit
 30685 | Snake:1  | 30685 ||| INVOKING Berserk.
 30687 | Snake:1  | HP: 53/228 [naga warrior/+0 flail (12)]
 30692 | Snake:1  | HP: 39/228 [naga warrior/splash of poison (1)]
 30703 | Snake:1  | HP: 36/228 [naga mage/bolt of poison (3)]
 30734 | Snake:1  | 30734 ||| Stepping ~*~*~tactically~*~*~ (stealth).
 30744 | Snake:1  | 30744 ||| Stepping ~*~*~tactically~*~*~ (stealth).
 30755 | Snake:1  | 30755 ||| Stepping ~*~*~tactically~*~*~ (stealth).
 30768 | Snake:1  | 30768 ||| Stepping ~*~*~tactically~*~*~ (stealth).
 30780 | Snake:1  | 30780 ||| Stepping ~*~*~tactically~*~*~ (stealth).
 30840 | Snake:1  | 30840 ||| INVOKING Berserk.
 31092 | Snake:1  | Found a frozen archway.
 31093 | Snake:1  | 31093 ||| INVOKING Brothers in Arms.
 31094 | Snake:1  | 31094 ||| INVOKING Brothers in Arms.
 31099 | Snake:1  | 31099 ||| Stepping randomly (cloudy).
 31100 | Snake:1  | 31100 ||| Stepping ~*~*~tactically~*~*~ (cloud).
 31101 | Snake:1  | 31101 ||| INVOKING Berserk.
 31306 | Snake:1  | Noticed Asterion
 31307 | Snake:1  | 31307 ||| Stepping ~*~*~tactically~*~*~ (hiding).
 31309 | Snake:1  | 31309 ||| Stepping ~*~*~tactically~*~*~ (hiding).
 31313 | Snake:1  | 31313 ||| INVOKING Berserk.
 31317 | Snake:1  | Killed Asterion
 31470 | Snake:1  | Noticed Roxanne
 31475 | Snake:1  | 31475 ||| INVOKING Berserk.
 31490 | Snake:1  | Killed Roxanne
 31684 | Snake:1  | Reached XP level 16. HP: 138/160 MP: 15/15
 31726 | Snake:1  | Noticed Rupert
 31727 | Snake:1  | 31727 ||| INVOKING Trog's Hand.
 31731 | Snake:1  | 31731 ||| INVOKING Berserk.
 31737 | Snake:1  | Reached skill level 12 in Shields
 31740 | Snake:1  | Killed Rupert
 32088 | Snake:1  | 32088 ||| INVOKING Berserk.
 32622 | Snake:1  | Found Cawk's Antique Weapon Shoppe.
 32662 | Snake:1  | 32662 ||| Stepping ~*~*~tactically~*~*~ (hiding).
 32911 | Snake:1  | 32911 ||| Stepping ~*~*~tactically~*~*~ (hiding).
 33064 | Snake:2  | 33064 ||| INVOKING Berserk.
 33079 | Snake:2  | HP: 50/240 [salamander (15)]
 33088 | Snake:2  | 33088 ||| Stepping ~*~*~tactically~*~*~ (stealth).
 33089 | Snake:2  | 33089 ||| Stepping ~*~*~tactically~*~*~ (stealth).
 33092 | Snake:2  | 33092 ||| READING 10 scrolls of teleportation.
 33093 | Snake:2  | 33093 ||| DRINKING 2 potions of heal wounds.
 33095 | Snake:2  | Noticed Nikola
 33095 | Snake:2  | Killed from afar by Nikola

Levels and vault maps discovered:
D:1:      dpeg_arrival_brainrot, layout_loops_ring
D:2:      layout_basic, minmay_misc_feat_roman, dk_noncrumbling_4,
          minmay_mini_jars
D:3:      layout_basic, dreamdust_princess_corridor, uniq_grinder
D:4:      layout_basic, minmay_joined_circles
D:5:      layout_loops_corners, makhleb_heckhound_becter,
          minmay_temple_entry_mist, ebering_ghost_gozag
D:6:      layout_loops_cross, kennysheep_orc_sif_temple, minmay_strange_pillars
D:7:      layout_rooms, lemuel_round_altar, grunt_ministairs_12
D:8:      layout_rooms, nicolae_yredelemnul_corpse_copse, serial_aquarium,
          aquarium_bridge_square [aquarium_subvault_window,
          aquarium_subvault_window, aquarium_subvault_bridge,
          aquarium_subvault_window], aquarium_bridge_long_joined
          [aquarium_subvault_bridge, aquarium_subvault_wall,
          aquarium_subvault_wall, aquarium_subvault_balcony,
          aquarium_subvault_window, aquarium_subvault_bridge],
          aquarium_window_fake, aquarium_window_2, aquarium_window_2,
          aquarium_view_2d, aquarium_view_2a, aquarium_balcony_3b,
          aquarium_pool_corner
D:9:      layout_loops_ring, eino_house_with_fridge, uniq_erolcha, uniq_amaemon
D:10:     layout_loops_cross, nicolae_ashenzari_panopticon,
          nicolae_qazlal_scattered_showers, vehumet_altar_wand_db, serial_bayou,
          serial_bayou_pond_d, serial_bayou_pond_c, serial_bayou_shore_b,
          serial_bayou_shore_a, grunt_decor_one_mirror,
          chequers_serial_rivers_room_b, uniq_grum, uniq_nergalle
D:11:     layout_basic, dpeg_oklobed_lair, orc_0_dummy,
          nicolae_dithmenos_the_darkroom
D:12:     layout_basic, lemuel_old_faithful
D:13:     layout_roguey, hangedman_vaults_entry_quadrant_bands, serial_demonic,
          serial_demonic_b, serial_demonic_f, serial_demonic_f,
          serial_demonic_a, serial_demonic_a, serial_demonic_f
D:14:     layout_grid_maze, nzn_ghost_randoct, elyvilon_altar_4
D:15:     grunt_enter_depths_snipers, layout_basic,
          chequers_serial_rivers_micro_a, gammafunk_ghost_grave, hex_large,
          uniq_louise
Lair:1:   layout_regular_city
Lair:2:   layout_long_grid, elwin_shoals_entry_rocks, minmay_holes,
          grunt_megastairs_2, uniq_gastronok
Lair:3:   layout_roguey, guppyfry_snake_entry_island, wad_woods_06,
          grunt_forest_large_clearings
Lair:4:   layout_gridlike, slime_entry_1, gauntlet_entry_generic,
          serial_bayou_lake_a
Lair:5:   minmay_lair_end_frog_pond, layout_cave_pods
Snake:1:  layout_grid_maze, portal_ice_cave_entry_ice_statue_two, serial_shops,
          nicolae_take_the_stairs, nicolae_snake_ghostly_warrior_ritual,
          grunt_megastairs_4, uniq_asterion, uniq_roxanne, uniq_rupert
Snake:2:  layout_misc_corridors, uniq_saint_roka, uniq_frances, uniq_nikola,
          uniq_kirke, uniq_donald
Orc:1:    layout_caves, mines3_lemuel
Orc:2:    st_orc_ogre_mass, layout_diamond_mine, serial_shops,
          nicolae_shop_hallway_stairs, basic_altar, nicolae_shop_vocational

Skill      XL: |  1  2  3  4  5  6  7  8  9 10 11 12 13 14 15 16 |
---------------+-------------------------------------------------+-----
Axes           | 4 5 6 8 9 10 12 14 16 18 | 18.0
Fighting       | 5 6 8 9 10 13 16 18 19 | 19.0
Throwing       | 2 3 4 6 8 |  8.1
Armour         | 5 6 7 9 11 13 15 16 | 16.0
Dodging        | 3 5 6 7 8 |  8.0
Shields        | 11 14 | 14.2

Action                   |  1- 3 |  4- 6 |  7- 9 | 10-12 | 13-15 | 16-18 || total
-------------------------+-------+-------+-------+-------+-------+-------++-------
Melee: Hand axe          |    79 |    90 |    38 |       |       |       ||   207
       Headbutt          |     4 |    11 |    43 |   123 |   232 |    41 ||   454
       Punch             |       |     1 |     3 |     7 |    11 |       ||    22
       War axe           |       |       |   215 |   208 |       |       ||   423
       Flail             |       |       |     3 |       |       |       ||     3
       Broad axe         |       |       |       |   281 |   957 |   124 ||  1362
       Demon whip        |       |       |       |    21 |    17 |       ||    38
Throw: Boomerang         |    21 |    42 |    32 |    35 |   174 |    10 ||   314
       Javelin           |       |       |    31 |    43 |    37 |       ||   111
Invok: Berserk           |     2 |     4 |    10 |    17 |    41 |     3 ||    77
       Trog's Hand       |       |     1 |       |     1 |     9 |     1 ||    12
       Brothers in Arms  |       |       |     1 |     3 |     5 |       ||     9
  Use: Scroll            |     2 |     4 |    11 |     8 |     8 |     1 ||    34
       Potion            |       |     5 |     2 |     2 |     1 |     1 ||    11
 Stab: Distracted        |       |       |       |       |     3 |       ||     3
Armor: Animal skin       |     9 |     5 |       |       |       |       ||    14
       Ring mail         |       |     7 |       |       |       |       ||     7
       Scale mail        |       |    10 |    27 |       |       |       ||    37
       Chain mail        |       |       |    83 |   129 |   399 |    38 ||   649
       Plate armour      |       |       |       |    87 |       |       ||    87
Dodge: Dodged            |    46 |    53 |    89 |   177 |   510 |    29 ||   904
Block: Other             |       |       |    11 |    80 |   145 |       ||   236
       Reflection        |       |       |       |     3 |    24 |     6 ||    33
       Tower shield      |       |       |       |       |   213 |   116 ||   329

Table legend:
 A = Non-vault XP
 B = Vault XP
 C = Vault XP percentage of total XP
 D = Non-vault monster count
 E = Vault monster count
 F = Vault count percentage of total count
                 A         B        C        D         E       F
            +---------+---------+-------+---------+---------+-------
      Total |   99936 |   73561 |  42.4 |     525 |     223 |  29.8
            +---------+---------+-------+---------+---------+-------
        D:1 |      31 |       2 |   6.1 |      16 |       1 |   5.9
        D:2 |      69 |      38 |  35.5 |      19 |      10 |  34.5
        D:3 |      26 |     277 |  91.4 |      11 |       1 |   8.3
        D:4 |     450 |     143 |  24.1 |      35 |      11 |  23.9
        D:5 |     493 |      40 |   7.5 |      19 |       1 |   5.0
        D:6 |     551 |     380 |  40.8 |      12 |       5 |  29.4
        D:7 |     567 |       0 |   0.0 |      20 |       0 |   0.0
        D:8 |    2410 |     711 |  22.8 |      36 |       9 |  20.0
        D:9 |    2635 |    2917 |  52.5 |      35 |      15 |  30.0
       D:10 |    2321 |    1202 |  34.1 |      20 |       5 |  20.0
       D:11 |    6319 |    1152 |  15.4 |      26 |       2 |   7.1
       D:12 |    6314 |     514 |   7.5 |      22 |       1 |   4.3
       D:13 |    4459 |   12917 |  74.3 |      14 |      37 |  72.5
       D:14 |   10164 |       0 |   0.0 |      19 |       0 |   0.0
       D:15 |    6397 |    3881 |  37.8 |      21 |       4 |  16.0
     Lair:1 |    5175 |       0 |   0.0 |      22 |       0 |   0.0
     Lair:2 |    1875 |    1717 |  47.8 |       4 |       2 |  33.3
     Lair:3 |    7812 |    3687 |  32.1 |      31 |      24 |  43.6
     Lair:4 |    7878 |       0 |   0.0 |      26 |       0 |   0.0
     Lair:5 |   11172 |   10700 |  48.9 |      36 |      36 |  50.0
    Snake:1 |   11327 |   13395 |  54.2 |      22 |      16 |  42.1
    Snake:2 |    7994 |       0 |   0.0 |      13 |       0 |   0.0
      Orc:1 |    1686 |     542 |  24.3 |      19 |       1 |   5.0
      Orc:2 |    1811 |   19346 |  91.4 |      27 |      42 |  60.9
            +---------+---------+-------+---------+---------+-------
